 Dungeon Crawl Stone Soup version 0.30-a0-578-gdee14c521f (webtiles) character file.

Game seed: 4757999615539853886

198 Newt the Trooper (level 5, -3/42 HPs)
             Began as a Demonspawn Gladiator on Dec 31, 2022.
             Was a Follower of Wu Jian.
             Slain by an ogre
             ... wielding a +0 giant club
              (18 damage)
             ... on level 5 of the Dungeon.
             The game lasted 00:03:46 (2631 turns).

Newt the Trooper (Demonspawn Gladiator)             Turns: 2631, Time: 00:03:47

Health: -3/42      AC:  8    Str: 16    XL:     5   Next: 47%
Magic:  5/5        EV: 11    Int: 14    God:    Wu Jian [*.....]
Gold:   180        SH:  0    Dex: 14    Spells: 4/4 levels left

rFire   + . .      SeeInvis .    t - +1 mace (protect)
rCold   . . .      Faith    .    (no shield)
rNeg    . . .      Spirit   .    q - +3 ring mail of the Barnacle {rF+ Int+4}
rPois   .          Reflect  .    (helmet restricted)
rElec   .          Harm     .    (no cloak)
rCorr   .          Rampage  .    (no gloves)
Will    .....                    (no boots)
Stlth   +                        (no amulet)
HPRegen 0.27/turn                (no ring)
MPRegen 0.09/turn                (no ring)

@: no status effects
A: horns 1
a: Renounce Religion


You were on level 5 of the Dungeon.
You worshipped Wu Jian.
Wu Jian was aware of your devotion.
You visited 1 branch of the dungeon, and saw 7 of its levels.

You collected 180 gold pieces.

Inventory:

Hand Weapons
 a - a +0 rapier
 t - a +1 mace of protection (weapon)
Missiles
 d - 2 throwing nets (quivered)
 e - a javelin
 h - 4 atropa-tipped darts
 s - 4 poisoned darts
Armour
 b - a +0 leather armour
 c - a +0 helmet
 q - the +3 ring mail of the Barnacle (worn) {rF+ Int+4}
   (You found it on level 2 of the Dungeon)

   Int:       It affects your intelligence (+4).
   rF:        It protects you from fire.
Jewellery
 f - a ring of magical power
 p - a ring of flight
Scrolls
 j - a scroll of noise
 k - a scroll of magic mapping
 n - a scroll of fog
 r - a scroll of amnesia
 v - a scroll of teleportation {unknown}
Potions
 g - a potion of attraction
 i - 4 potions of heal wounds
 l - a potion of curing
 m - a potion of might
 o - a potion of invisibility {unknown}
 u - a potion of mutation {unknown}
 w - a potion of lignification {unknown}
 x - a potion of flight {unknown}
 z - a potion of ambrosia {unknown}


   Skills:
 - Level 4.0 Fighting
 - Level 2.6 Short Blades
 - Level 3.0 Throwing
 + Level 3.3 Dodging
 - Level 2.0 Stealth


You had 4 spell levels left.
You didn't know any spells.
Your spell library contained the following spells:

 Spells                   Type           Power      Damage    Failure   Level
 Cigotuvi's Dreadful Rot  Necr/Pois/Air  0%         N/A       63%         2
 Poisonous Vapours        Pois/Air       0%         N/A       63%         2
 Mephitic Cloud           Conj/Pois/Air  0%         N/A       86%         3


Dungeon Overview and Level Annotations

Branches:
Dungeon (7/15)
 Temple: D:4-7

Altars:
Ashenzari
Gozag
Kikubaaqudgha
Makhleb
Ru
Wu Jian
Lugonu

Portals:
Abyss: D:3


Innate Abilities, Weirdness & Mutations

You have a pair of small horns on your head.


Message History

The ufetubus misses you. The ufetubus completely misses you.
The hound bites you. The ufetubus barely misses you.
The ufetubus hits you but does no damage.
The hound barely misses you.
You hit the ufetubus.
You kill the ufetubus!
The Council accepts your kill. The hound bites you but does no damage.
The hound pauses to sniff the ground.
The hound bites you.
Your Dodging skill increases to level 3!
You hit the hound.
The hound is moderately wounded.
The hound closely misses you. The hound bites you but does no damage.
You miss the hound.
The hound is moderately wounded.
The hound bites you but does no damage. The hound barely misses you.
You hit the hound but do no damage.
The hound is moderately wounded.
The hound barely misses you. The hound bites you.
You hit the hound. You headbutt the hound.
The hound is almost dead.
The hound bites you. The hound barely misses you.
The hound bites you but does no damage.
You closely miss the hound.
The hound is almost dead.
The hound barely misses you. The hound bites you but does no damage.
You hit the hound.
You kill the hound!
The Council accepts your kill.
No target in view!
You start resting.
HP restored.
You climb downwards.
The ogre hits you with a +0 giant club!!
Ouch! That really hurt!
There is a stone staircase leading up, spattered with blood here.
The iguana bites you.
The ogre hits you with a +0 giant club!!
You die...

#.###.#.###o.
#.......(.o#.
.....(......
#.#.(o......
#.#..# #....#
#
#...#####.#..
#..O#........
#...#@.#
#$.>#Ol#
#...#oo#
#...#..#
#..o#oo####.#
#...).....o.o.
######.#####..
#.# ..#


You could see an ogre, an iguana, an orc wizard and 3 orcs.

Vanquished Creatures
  A scorpion (D:3)
  A hound (D:4)
  A gnoll (D:1)
  2 adders
  An ufetubus (D:4)
  2 dart slugs (D:2)
  4 orcs (D:3)
  4 ball pythons
  5 bats
  6 endoplasms
  3 giant cockroaches
  8 goblins
  6 hobgoblins
  7 kobolds
  4 quokkas
  5 frilled lizards
  5 rats (D:1)
65 creatures vanquished.

Notes
Turn   | Place    | Note
-------+----------+-------------------------------------------
     0 | D:1      | Newt the Demonspawn Gladiator began the quest for the Orb.
     0 | D:1      | Reached XP level 1. HP: 16/16 MP: 1/1
   150 | D:1      | Reached skill level 1 in Stealth
   169 | D:1      | Gained mutation: You have a pair of small horns on your
                  | head. [demonic ancestry]
   169 | D:1      | Reached XP level 2. HP: 22/22 MP: 2/2
   431 | D:1      | Reached XP level 3. HP: 9/28 MP: 3/3
   810 | D:2      | Reached skill level 3 in Fighting
   853 | D:2      | Identified the +3 ring mail of the Barnacle {rF+ Int+4}
   865 | D:2      | Found an ornate altar of the Wu Jian Council.
   883 | D:2      | Became a worshipper of the Wu Jian Council
  1689 | D:3      | Noticed a scorpion
  1703 | D:3      | Killed a scorpion
  1704 | D:3      | Reached skill level 4 in Fighting
  1704 | D:3      | Reached XP level 4. HP: 32/37 MP: 4/4
  1797 | D:3      | Found a large runed translucent door.
  1797 | D:3      | Found a large runed translucent door.
  1825 | D:3      | Reached XP level 5. HP: 42/42 MP: 5/5
  1895 | D:3      | Found a faded altar of an unknown god.
  1965 | D:3      | Found an ancient bone altar of Kikubaaqudgha.
  1973 | D:3      | Reached * piety under Wu Jian
  2101 | D:3      | Found an opulent altar of Gozag.
  2186 | D:3      | Found a broken altar of Ashenzari.
  2186 | D:3      | Found a burning altar of Makhleb.
  2239 | D:3      | Found a corrupted altar of Lugonu.
  2267 | D:3      | Found a one-way gate to the infinite horrors of the Abyss.
  2465 | D:4      | You fall into a shaft and drop 3 floors!
  2465 | D:7      | Found a sacrificial altar of Ru.
  2522 | D:5      | Entered Level 5 of the Dungeon
  2526 | D:5      | Noticed an ogre
  2631 | D:5      | Slain by an ogre

Illustrated notes

Levels and vault maps discovered:
D:1:      minmay_arrival_up_and_down, layout_rooms, minmay_door_square,
          minmay_misc_feat_hallway
D:2:      minmay_evil_eye, layout_loops_ring, basic_altar, grunt_ministairs_14
D:3:      due_chaos_kobolds, layout_basic,
          nicolae_gozag_cash_rules_everything_around_me,
          kiku_gazebo_garden_becter, gammafunk_temple_overflow_elements,
          shapermc_ecumenical_altar_starsandcircs
D:4:      layout_cave_pods, dreamdust_wishing_well, nicolae_shop_vocational
D:5:      layout_loops_ring, minmay_temple_entry_purple_smoke, serial_shops,
          nicolae_square_shop, nicolae_shop_clearance
D:6:      layout_rooms, minivault_22, uniq_crazy_yiuf_cottage
D:7:      layout_loops_ring, mainiacjoe_overflow_small_starburst, zin_treasury,
          minmay_chambers_of_fives

Skill      XL: |  1  2  3  4  5 |
---------------+----------------+-----
Stealth        | 1 2 |  2.0
Fighting       | 4 |  4.0
Throwing       | 2 3 |  3.0
Dodging        | 3 |  3.3
Short Blades   | |  2.6

Action                   |  1- 3 |  4- 6 || total
-------------------------+-------+-------++-------
Melee: Rapier            |   111 |    42 ||   153
       Punch             |     3 |       ||     3
       Headbutt          |     9 |    12 ||    21
       Mace              |       |    22 ||    22
Throw: Dart              |       |     3 ||     3
       Throwing net      |       |     1 ||     1
Invok: Lunge             |     3 |     5 ||     8
       Whirlwind         |       |     8 ||     8
  Use: Scroll            |     9 |     1 ||    10
       Potion            |     1 |       ||     1
 Stab: Sleeping          |     6 |     2 ||     8
       Held in net/web   |       |     1 ||     1
Armor: Leather armour    |    24 |       ||    24
       Ring mail         |    16 |    48 ||    64
Dodge: Dodged            |    64 |    51 ||   115

Table legend: (Time is in decaauts)
 A = Elapsed time spent in this place.
 B = Non-inter-level travel time spent in this place.
 C = Inter-level travel time spent in this place.
 D = Time resting spent in this place.
 E = Time spent auto-exploring this place.
 F = Levels seen in this place.
 G = Mean time per level.
                   A        B        C        D        E       F      G
               +--------+--------+--------+--------+--------+-----+--------+
         Total |   2645 |   2533 |    112 |     64 |   1973 |   7 |  377.9 |
       Dungeon |   2645 |   2533 |    112 |     64 |   1973 |   7 |  377.9 |
               +--------+--------+--------+--------+--------+-----+--------+

Top non-repeatable levels by time:
     D:2: 934 daAuts
     D:3: 784 daAuts
     D:1: 755 daAuts
     D:4: 80 daAuts
     D:7: 44 daAuts
     D:5: 34 daAuts
     D:6: 11 daAuts
